 Dungeon Crawl Stone Soup version 0.29.1-2-gbd0b4ee654 (webtiles) character file.

Game seed: 3787838039510583121

6 tizbic2 the Grasshopper (level 1, 0/17 HPs)
             Began as a Demigod Wanderer on Oct 26, 2022.
             Slain by a gnoll
             ... wielding a +0 spear
              (5 damage)
             ... on level 1 of the Dungeon.
             The game lasted 00:01:22 (137 turns).

tizbic2 the Grasshopper (Demigod Wanderer)           Turns: 137, Time: 00:01:22

Health: 0/17       AC:  2    Str: 13    XL:     1   Next: 60%
Magic:  5/5        EV: 11    Int: 13    God:
Gold:   9          SH:  0    Dex: 14    Spells: 2/3 levels left

rFire   . . .      SeeInvis .   a - +1 quarterstaff
rCold   . . .      Faith    .   (shield currently unavailable)
rNeg    . . .      Spirit   .   c - +0 robe
rPois   .          Reflect  .   (no helmet)
rElec   .          Harm     .   (no cloak)
rCorr   .          Rampage  .   (no gloves)
Will    .....                   (no boots)
Stlth   +.........              (no amulet)
HPRegen 0.05/turn               (no ring)
MPRegen 0.09/turn               (no ring)

@: no status effects
A: high MP 1, forlorn, divine attributes
a: no special abilities


You were on level 1 of the Dungeon.
You visited 1 branch of the dungeon, and saw 1 of its levels.

You collected 9 gold pieces.

Inventory:

Hand Weapons
 a - a +1 quarterstaff (weapon)
Armour
 c - a +0 robe (worn)
Scrolls
 d - a scroll of immolation {unknown}
 f - a scroll of fog {unknown}
Potions
 b - a potion of attraction
 e - a potion of ambrosia {unknown}


   Skills:
 + Level 1.9 Fighting
 * Level 1.3 Staves
 + Level 1.8 Spellcasting
 + Level 4.5 Translocations


You had 2 spell levels left.
You knew the following spells:

 Your Spells              Type           Power      Damage    Failure   Level
a - Apportation           Tloc           26%        N/A       4%          1

Your spell library contained the following spells:

 Spells                   Type           Power      Damage    Failure   Level
 Gell's Gravitas          Tloc           13%        N/A       12%         3
 Iskenderun's Mystic Bla  Conj/Tloc      7%         2d4       69%         4


Dungeon Overview and Level Annotations

Branches:
Dungeon (1/15)


Innate Abilities, Weirdness & Mutations

You have an increased reservoir of magic. (+10% MP)
You shall have no god before yourself.
Your divine heritage dramatically boosts your attributes as you level up.


Message History

You hit the endoplasm.
The endoplasm is heavily wounded.
The endoplasm hits you but does no damage.
You sock the endoplasm!
You kill the endoplasm!
The frilled lizard barely misses you.
You closely miss the frilled lizard.
The frilled lizard bites you but does no damage.
You thump the frilled lizard!
You kill the frilled lizard!
Things that are here:
a frilled lizard corpse; a frilled lizard corpse
f - a scroll labelled NYUWAS QUH The frilled lizard hisses angrily.
The frilled lizard closely misses you.
You hit the frilled lizard.
You kill the frilled lizard!
Okay, then.
Unknown command.
Found a brown potion and a mace.
A gnoll comes into view. It is wielding a +0 spear.
The gnoll shouts!
You hear a bark!
A jackal comes into view. x2
The gnoll hits you from afar with a +0 spear.
The gnoll hits you with a +0 spear.
You closely miss the gnoll. The gnoll barely misses you. The gnoll misses you.
You hit the gnoll.
The gnoll is heavily wounded.
The gnoll misses you.
You hit the gnoll but do no damage.
The gnoll is heavily wounded.
The gnoll hits you with a +0 spear.
* * * LOW HITPOINT WARNING * * *
You hit the gnoll.
The gnoll is almost dead.
The gnoll completely misses you. The gnoll closely misses you.
You barely miss the gnoll.
The gnoll is almost dead.
The gnoll hits you with a +0 spear.
You die...

..##.####..........###.
.....................
##.###............... #.
#..####.......... #.##.#
#........... ..####....#
##........... ........##
#....>.....##
..###...#####......~~~..#
#...#.@g........~~~~~.#
#.#.#####.......~~~~~ #.
# #..#.....~~~~~ ..
#..###....~~~~~ . ...#
#.....~~.. .### .........
# !..h.h. .....


You could see a gnoll.

Vanquished Creatures
  An endoplasm (D:1)
  7 frilled lizards (D:1)
8 creatures vanquished.

Notes
Turn   | Place    | Note
-------+----------+-------------------------------------------
     0 | D:1      | tizbic2 the Demigod Wanderer began the quest for the Orb.
     0 | D:1      | tizbic2 set off with the following items: a +1
                  | quarterstaff, a potion of attraction, a +0 robe; and the
                  | following spell memorised: Apportation; and the following
                  | spells available to memorise: Gell's Gravitas, Iskenderun's
                  | Mystic Blast.
     0 | D:1      | Reached XP level 1. HP: 17/17 MP: 5/5
   137 | D:1      | Slain by a gnoll

Illustrated notes

Levels and vault maps discovered:
D:1:      beargit_arrival_greenhouse, layout_rooms, minmay_lizard_pond

Action                   || total
-------------------------++-------
Melee: Quarterstaff      ||    16
 Cast: Apportation       ||     2
 Stab: Sleeping          ||     1
Armor: Robe              ||     3
Dodge: Dodged            ||     7
